 Dungeon Crawl Stone Soup version 0.29.0-15-g675c0067aa (webtiles) character file.

Game seed: 2693428022991125219

128 qw the Chopper (level 5, -1/32 HPs)
             Began as a Gargoyle Fighter on Sept 12, 2022.
             Slain by Grinder (3 damage)
             ... on level 3 of the Dungeon.
             The game lasted 00:00:49 (2179 turns).

qw the Chopper (Gargoyle Fighter)                   Turns: 2179, Time: 00:00:49

Health: -1/32      AC: 12    Str: 21    XL:     5   Next: 12%
Magic:  5/5        EV:  6    Int: 13    God:
Gold:   128        SH:  4    Dex:  9    Spells: 4/4 levels left

rFire   + . .      SeeInvis +   Y - +0 war axe
rCold   . . .      Faith    .   c - +0 buckler
rNeg    + . .      Spirit   .   b - +0 scale mail
rPois   inf        Reflect  .   j - +0 helmet
rElec   +          Harm     .   (no cloak)
rCorr   .          Rampage  .   (no gloves)
Will    .....                   (no boots)
Stlth   ..........              (no amulet)
HPRegen 0.10/turn               a - ring of the Suburbs {rF+ Int+4 SInv Stlth-}
MPRegen 0.09/turn               (no ring)

@: grasped by roots, constricted
A: sickness immunity, AC +4, negative energy resistance 1, electricity
resistance, torment resistance 1, petrification resistance
a: no special abilities


You were on level 3 of the Dungeon.
You visited 1 branch of the dungeon, and saw 3 of its levels.

You collected 128 gold pieces.


Innate Abilities, Weirdness & Mutations

You are immune to sickness and miasma.
Your stone body is resilient. (AC +4)
You are immune to poison.
You resist negative energy. (rN+)
You are resistant to electric shocks. (rElec)
You are resistant to unholy torment.
You are immune to petrification.


   Skills:
 - Level 3.2 Fighting
 + Level 4.7 Axes
 - Level 3.2 Armour
 - Level 3.2 Shields


You had 4 spell levels left.
You didn't know any spells.
Your spell library was empty.

Inventory:

Hand Weapons
 g - a +0 whip
 Y - a +0 war axe (weapon)
Armour
 b - a +0 scale mail (worn)
 c - a +0 buckler (worn)
 j - a +0 helmet (worn)
Jewellery
 a - the ring of the Suburbs (left hand) {rF+ Int+4 SInv Stlth-}
   (You acquired it on level 1 of the Dungeon)

   [ring of protection from fire]

   Int:       It affects your intelligence (+4).
   rF:        It protects you from fire.
   SInv:      It lets you see invisible.
   Stlth:     It makes you less stealthy.
Scrolls
 k - 2 scrolls of teleportation
Potions
 d - a potion of might
 h - a potion of attraction {unknown}
 i - a potion of berserk rage {unknown}
 m - a potion of magic {unknown}

Dungeon Overview and Level Annotations

Branches:
Dungeon (3/15)

Altars:

Annotations:
D:3 Grinder


Message History

A bat comes into view.
The orc hits you but does no damage.
The bat moves out of view.
2168 ||| Stepping ~*~*~tactically~*~*~ (hiding).
You barely miss the orc. The orc barely misses you.
You hit the orc.
The orc is moderately wounded.
The orc barely misses you. The orc hits you with a +0 dagger.
You closely miss the orc.
The orc is moderately wounded.
The orc hits you but does no damage.
You hit the orc.
You kill the orc!
Grinder gestures at you. You resist with significant effort.
You slash Grinder!
Grinder is moderately wounded.
Grinder gestures at you. Pain shoots through your body!
Grinder blinks!
Grinder zaps a wand.
The roots erupt in riotous growth!
The grasping roots grab you! The grasping roots constrict you!
You hear a shout!
You escape the roots grasp.
You completely miss Grinder.
Grinder is moderately wounded.
Grinder zaps a wand.
The roots erupt in riotous growth!
The grasping roots grab you!
Grinder is unaffected.
The grasping roots constrict you.
You hit Grinder but do no damage.
Grinder is moderately wounded.
Grinder barely misses you. The grasping roots constrict you.
The grasping roots release their grip on you.
You barely miss Grinder.
Grinder is moderately wounded.
Grinder zaps a wand.
The roots erupt in riotous growth!
The grasping roots grab you!
Grinder is unaffected.
The now-empty wand crumbles to dust.
The grasping roots constrict you. Grinder hits you.
You writhe in agony.
You die...

.! . .. $.# ##. #.# ..
#.. #..# #.# ..#####
##....
..##......####.....
#.##.# #..#...##.# #.##.#
#....##..# #########.)..#
###.##..#.##
#.....#....@##
#...###....##
...........5.###.###
##.%...
.................# #<####
..............(.## #.#
.................### #.#
..............##...####.#
..............####......#
.............## #..#####
............## #..#


You could see Grinder.

Vanquished Creatures
  Jessica (D:2)
  Robin (D:2)
  2 adders
  A dart slug (D:1)
  An orc (D:3)
  4 bats
  5 endoplasms
  8 goblins
  10 hobgoblins
  7 jackals
  6 kobolds
  7 quokkas
  5 ball pythons
  2 rats
60 creatures vanquished.

Notes
Turn   | Place    | Note
-------+----------+-------------------------------------------
     0 | D:1      | qw the Gargoyle Fighter began the quest for the Orb.
     0 | D:1      | Reached XP level 1. HP: 14/14 MP: 1/1
     0 | D:1      | 0 ||| qw: Version: 0.1-a-119-g272c26d
     0 | D:1      | 0 ||| qw: Game counter: 11000
     0 | D:1      | 0 ||| qw: Always use a shield: true
     0 | D:1      | 0 ||| qw: God list: Okawaru
     0 | D:1      | 0 ||| qw: Allow faded altars: false
     0 | D:1      | 0 ||| qw: Do Orc after D:15 true
     0 | D:1      | 0 ||| qw: Do second Lair branch before Depths: true
     0 | D:1      | 0 ||| qw: Lair rune preference: random
     0 | D:1      | 0 ||| qw: Plans: Normal, Zot, God:TSO, Crypt, Tomb, Pan,
                  | Slime, Hells, Zig, Abyss, Orb
     0 | D:1      | 0 ||| PLANNING D:1-11
    47 | D:1      | 47 ||| Stepping ~*~*~tactically~*~*~ (stealth).
    58 | D:1      | Reached skill level 2 in Axes
   181 | D:1      | Reached XP level 2. HP: 19/19 MP: 2/2
   196 | D:1      | 196 ||| Stepping ~*~*~tactically~*~*~ (stealth).
   222 | D:1      | 222 ||| Stepping ~*~*~tactically~*~*~ (stealth).
   226 | D:1      | 226 ||| Stepping ~*~*~tactically~*~*~ (stealth).
   242 | D:1      | 242 ||| Stepping ~*~*~tactically~*~*~ (stealth).
   244 | D:1      | 244 ||| Stepping ~*~*~tactically~*~*~ (stealth).
   248 | D:1      | 248 ||| Stepping ~*~*~tactically~*~*~ (stealth).
   251 | D:1      | 251 ||| Stepping ~*~*~tactically~*~*~ (stealth).
   252 | D:1      | 252 ||| Stepping ~*~*~tactically~*~*~ (stealth).
   255 | D:1      | 255 ||| Stepping ~*~*~tactically~*~*~ (stealth).
   256 | D:1      | 256 ||| Stepping ~*~*~tactically~*~*~ (stealth).
   477 | D:1      | Reached skill level 3 in Axes
   610 | D:1      | Reached XP level 3. HP: 23/23 MP: 3/3
   611 | D:1      | 611 ||| Stepping ~*~*~tactically~*~*~ (stealth).
  1181 | D:1      | 1181 ||| DROPPING +6 ring of intelligence.
  1182 | D:1      | 1182 ||| READING scroll labelled ZUNIPO IXAD.
  1182 | D:1      | Identified a scroll of acquirement
  1182 | D:1      | 1182 ||| ACQUIRING ring of the Suburbs {rF+ Int+4 SInv
                  | Stlth-}
  1182 | D:1      | Acquired the ring of the Suburbs {rF+ Int+4 SInv Stlth-}
  1184 | D:1      | 1184 ||| UPGRADING to ring of the Suburbs {rF+ Int+4 SInv
                  | Stlth-}.
  1185 | D:1      | 1185 ||| READING scroll labelled BORRUE EKKUDEO.
  1186 | D:1      | 1186 ||| READING scroll labelled YDAKHYIL ETEGH.
  1217 | D:2      | 1217 ||| STAIRDANCE
  1278 | D:2      | Noticed Robin
  1284 | D:2      | Reached XP level 4. HP: 24/28 MP: 4/4
  1288 | D:2      | Killed Robin
  1289 | D:2      | Reached skill level 4 in Axes
  1330 | D:2      | 1330 ||| DROPPING +0 club.
  1352 | D:2      | 1352 ||| Stepping ~*~*~tactically~*~*~ (stealth).
  1354 | D:2      | 1354 ||| Stepping ~*~*~tactically~*~*~ (stealth).
  1408 | D:2      | Noticed Jessica
  1410 | D:2      | 1410 ||| Stepping ~*~*~tactically~*~*~ (hiding).
  1412 | D:2      | 1412 ||| Stepping ~*~*~tactically~*~*~ (hiding).
  1418 | D:2      | Killed Jessica
  1880 | D:2      | Found a faded altar of an unknown god.
  1988 | D:2      | 1988 ||| UPGRADING to +0 helmet.
  1993 | D:2      | 1993 ||| DROPPING +0 scale mail of poison resistance.
  1994 | D:2      | 1994 ||| READING 2 scrolls labelled JAWUAR ODUIHI.
  1995 | D:2      | 1995 ||| READING scroll labelled AMUBAU SOXKUKH.
  1996 | D:2      | 1996 ||| DROPPING scroll of amnesia.
  2031 | D:3      | 2031 ||| STAIRDANCE
  2050 | D:3      | Reached XP level 5. HP: 32/32 MP: 5/5
  2164 | D:3      | Noticed Grinder
  2165 | D:3      | 2165 ||| Stepping ~*~*~tactically~*~*~ (stealth).
  2168 | D:3      | 2168 ||| Stepping ~*~*~tactically~*~*~ (hiding).
  2179 | D:3      | HP: 5/32 [constriction (4)]
  2179 | D:3      | HP: 2/32 [Grinder (3)]
  2179 | D:3      | Slain by Grinder

Levels and vault maps discovered:
D:1:      psy_arrival_whirlpool, layout_basic, minmay_pentomino_q4
D:2:      layout_basic, shapermc_ecumenical_altar_notcrosses, uniq_robin,
          uniq_jessica
D:3:      layout_rooms, elyvilon_altar_4, gammafunk_ghost_grave, uniq_grinder

Skill      XL: |  1  2  3  4 |
---------------+-------------+-----
Axes           | 2 3 4 |  4.7
Fighting       | |  3.2
Armour         | |  3.2
Shields        | |  3.2

Action                   |  1- 3 |  4- 6 || total
-------------------------+-------+-------++-------
Melee: War axe           |    94 |    76 ||   170
  Use: Scroll            |     3 |     2 ||     5
Armor: Scale mail        |    56 |    34 ||    90
Dodge: Dodged            |    49 |    36 ||    85
Block: Buckler           |    15 |    13 ||    28

Table legend:
 A = Non-vault XP
 B = Vault XP
 C = Vault XP percentage of total XP
 D = Non-vault monster count
 E = Vault monster count
 F = Vault count percentage of total count
                 A         B        C        D         E       F
            +---------+---------+-------+---------+---------+-------
      Total |     108 |      76 |  41.3 |      46 |      14 |  23.3
            +---------+---------+-------+---------+---------+-------
        D:1 |      42 |       8 |  16.0 |      23 |       3 |  11.5
        D:2 |      43 |      68 |  61.3 |      17 |      11 |  39.3
        D:3 |      23 |       0 |   0.0 |       6 |       0 |   0.0
            +---------+---------+-------+---------+---------+-------
